 Dungeon Crawl Stone Soup version 0.28.0-49-g6dfe1f597d (webtiles) character file.

Game seed: 11721791004440600523

1264 Zeld the Skirmisher (level 8, -19/69 HPs)
             Began as a Palentonga Fighter on May 19, 2022.
             Was a Follower of Uskayaw.
             Demolished by an ogre
             ... wielding a +0 giant club
              (25 damage)
             ... on level 5 of the Dungeon.
             The game lasted 00:04:09 (6447 turns).

Zeld the Skirmisher (Palentonga Fighter)            Turns: 6447, Time: 00:04:09

Health: -19/69     AC: 16    Str: 21    XL:     8   Next: 27%
Magic:  8/8        EV:  4    Int:  8    God:    Uskayaw [*.....]
Gold:   230        SH:  4    Dex: 11    Spells: 7/7 levels left

rFire   . . .      SeeInvis +   a - +0 war axe
rCold   . . .      Faith    .   q - +0 buckler
rNeg    . . .      Spirit   .   b - +0 plate armour
rPois   .          Reflect  .   (no helmet)
rElec   .          Harm     .   (no cloak)
rCorr   .          Rampage  .   (no gloves)
Will    .....                   (no barding)
Stlth   ..........              (no amulet)
HPRegen 0.21/turn               (no ring)
MPRegen 0.11/turn               (no ring)

@: mighty, curled up
A: large, rugged brown scales 3, see invisible, deformed body, roll 1, armoured
tail, reflexive curl
a: Rolling Charge, Renounce Religion, Stomp


You were on level 5 of the Dungeon.
You worshipped Uskayaw.
Uskayaw was noncommittal.
You visited 2 branches of the dungeon, and saw 7 of its levels.

You collected 363 gold pieces.
You spent 133 gold pieces at shops.

Inventory:

Hand Weapons
 a - a +0 war axe (weapon)
Armour
 b - a +0 plate armour (worn)
 q - a +0 buckler (worn)
Jewellery
 n - the ring of Dicvaifupu {Str+2 Int+6}
   (You found it on level 4 of the Dungeon)

   [ring of intelligence]

   Str:       It affects your strength (+2).
   Int:       It affects your intelligence (+6).
Wands
 m - a wand of polymorph (9)
 r - a wand of charming (4)
Scrolls
 c - 2 scrolls of magic mapping
 e - 2 scrolls of identify {unknown}
 f - 3 scrolls of teleportation {unknown}
 g - 2 scrolls of blinking {unknown}
 j - a scroll of amnesia {unknown}
 k - 2 scrolls of enchant weapon {unknown}
 s - a scroll of fear {unknown}
 v - a scroll of noise {unknown}
Potions
 h - a potion of haste {unknown}
 i - 3 potions of heal wounds {unknown}
 l - a potion of magic {unknown}
 o - a potion of berserk rage {unknown}
 p - a potion of flight {unknown}
 t - a potion of curing {unknown}
 u - a potion of degeneration {unknown}


   Skills:
 * Level 6.6 Fighting
 * Level 6.0 Axes
 - Level 2.4 Armour
 + Level 3.1 Dodging
 + Level 4.1 Shields


You had 7 spell levels left.
You didn't know any spells.
Your spell library was empty.

Dungeon Overview and Level Annotations

Branches:
Dungeon (6/15)             Temple (1/1) D:5

Altars:
Ashenzari
Cheibriados
Dithmenos
Elyvilon
Fedhas
Gozag
Hepliaklqana
Makhleb
Nemelex Xobeh
Okawaru
Qazlal
Ru
Sif Muna
Uskayaw
Vehumet
Wu Jian
Xom
Yredelemnul
Zin
Lugonu

Shops:
D:1 *   D:2 !   D:4 ?

Annotations:
D:6 2 transporters, styxcanada's ghost, novice SpBr


Innate Abilities, Weirdness & Mutations

You are completely covered in rugged brown scales. (AC +3, +7% HP)
You have supernaturally acute eyesight. (SInv)
Armour fits poorly on your strangely shaped body.
You can roll at nearby foes to attack.
You have a long armoured tail.
You curl defensively after being hit. (AC +7*)


Message History

You block the iguana's attack. The iguana bites you.
You can no longer pass through a line of other dancers.
You see here a scroll labelled WANURCHAQAN.
You block the shadow imp's attack.
An ogre comes into view. It is wielding a +0 giant club.
The adder hisses angrily.
The iguana hisses angrily.
There is a stone staircase leading up, spattered with blood here.
You climb upwards.
There is a stone staircase leading down here.
You see here a +0 spear.
There is a stone staircase leading down here.
You start resting.
You start resting.
HP restored.
There is a stone staircase leading up here.
There is a stone staircase leading down here.
You climb downwards.
Level annotation: 1 transporter, styxcanada's ghost, novice SpBr The acid dragon roars!
The jelly quivers.
The ogre shouts!
The jelly hits you.
You are splashed with acid!
Found 22 stones and 3 gold pieces.
Found a transporter.
There is a stone staircase leading up here.
The ogre hits you with a +0 giant club!!
You block the jelly's attack.
You climb upwards.
There is a stone staircase leading down here.
You hit the ogre.
The ogre is moderately wounded.
You slash the jelly!
Your hands burn!
The jelly hits you.
You are splashed with acid!
The ogre hits you with a +0 giant club!!
* * * LOW HITPOINT WARNING * * *
The jelly hits you but does no damage. The jelly hits you but does no damage.
Okay, then.
You feel very mighty all of a sudden.
The ogre hits you with a +0 giant club!!
You die...

#### #..## ....#
....### .#....######
### .##.####...###
#@###
.#.###..>....###OJ.#
.....###.....##....#
##...####....##.>.##
......# #.....<....##
.....####...........#
...####.#...#.....###
............##...##
..(.........##..##


You could see an ogre and a jelly.

Vanquished Creatures
  A centaur zombie (D:6)
  A black bear (D:3)
  An ogre (D:3)
  A phantom (D:4)
  2 scorpions
  2 water moccasin skeletons (D:5)
  A jelly (D:6)
  2 centaur skeletons
  5 hounds
  4 gnolls
  7 adders
  A worm (D:5)
  3 dart slugs
  3 orcs
  12 ball pythons
  5 bats
  9 endoplasms
  3 giant cockroaches (D:3)
  4 goblins
  10 hobgoblins
  3 jackals (D:1)
  5 kobolds
  3 quokkas
  6 frilled lizards
  5 rats
99 creatures vanquished.

Vanquished Creatures (others)
  A demonic plant (Temple)
1 creature vanquished.

Grand Total: 100 creatures vanquished

Notes
Turn   | Place    | Note
-------+----------+-------------------------------------------
     0 | D:1      | Zeld the Palentonga Fighter began the quest for the Orb.
     0 | D:1      | Reached XP level 1. HP: 19/19 MP: 1/1
   105 | D:1      | Found Gorracki's Assorted Antiques.
   147 | D:1      | Reached XP level 2. HP: 22/25 MP: 2/2
   674 | D:1      | Reached XP level 3. HP: 31/31 MP: 3/3
   805 | D:1      | Bought a grey potion for 27 gold pieces
  1245 | D:2      | Found Nacw's Distillery.
  1402 | D:3      | Reached skill level 1 in Dodging
  1456 | D:3      | You fall into a shaft and drop 2 floors!
  1456 | D:5      | Entered Level 5 of the Dungeon
  1477 | D:5      | Found a sacrificial altar of Ru.
  1515 | D:5      | Reached XP level 4. HP: 34/39 MP: 4/4
  1939 | D:4      | Noticed a phantom
  1949 | D:4      | Killed a phantom
  1950 | D:4      | Reached XP level 5. HP: 19/46 MP: 5/5
  2619 | D:4      | Found Leagum's Magic Scroll Boutique.
  2627 | D:4      | Bought a scroll of magic mapping for 49 gold pieces
  2733 | D:4      | Reached XP level 6. HP: 9/52 MP: 6/6
  3334 | D:4      | Identified the ring of Dicvaifupu {Str+2 Int+6}
  3680 | D:3      | Reached skill level 5 in Fighting
  3708 | D:3      | Found a glowing silver altar of Zin.
  4028 | D:3      | Found an ornate altar of the Wu Jian Council.
  4030 | D:3      | Found a hazy altar of Hepliaklqana.
  4030 | D:3      | Found a stormy altar of Qazlal.
  4033 | D:3      | Found an iron altar of Okawaru.
  4034 | D:3      | Found a white marble altar of Elyvilon.
  4041 | D:3      | Gained mutation: You curl defensively after being hit. (AC
                  | +7*) [Palentonga growth]
  4041 | D:3      | Reached XP level 7. HP: 37/59 MP: 7/7
  4316 | D:3      | Found a faded altar of an unknown god.
  4498 | D:1      | Bought a scroll labelled PUNWYICOMU for 30 gold pieces
  4498 | D:1      | Bought a ruby potion for 27 gold pieces
  4706 | D:5      | Found a blossoming altar of Fedhas.
  4831 | D:5      | Reached skill level 5 in Axes
  5232 | D:5      | Found a staircase to the Ecumenical Temple.
  5259 | Temple   | Entered the Ecumenical Temple
  5331 | Temple   | Became a worshipper of Uskayaw the Reveller
  5575 | D:6      | Reached * piety under Uskayaw
  5577 | D:6      | Reached ** piety under Uskayaw
  5579 | D:6      | Found a transporter.
  5591 | D:6      | Noticed styxcanada's ghost (novice SpBr)
  5592 | D:6      | Noticed a two-headed ogre
  5999 | D:6      | Reached XP level 8. HP: 60/69 MP: 8/8
  6440 | D:6      | Found a transporter.
  6447 | D:5      | Demolished by an ogre

Illustrated notes

Levels and vault maps discovered:
D:1:      lightli_arrival_statue_moat, layout_loops_ring, serial_shops, shop
D:2:      layout_rooms, serial_shops, nicolae_shop_statue_plus
D:3:      layout_rooms, grunt_temple_overflow_open,
          hellmonk_ecumenical_altar_inner_sanctum
D:4:      layout_layer_cave, serial_shops, shop
D:5:      layout_cave_pools, mainiacjoe_overflow_surrounded_room,
          amcnicky_altar_gilded, minmay_temple_entry_nine_rooms
D:6:      layout_rooms, gammafunk_ghost_arena, minmay_strange_pillars
Temple:   kb_corrupted_temple

Skill      XL: |  1  2  3  4  5  6  7 |
---------------+----------------------+-----
Dodging        | 1 2 3 |  3.1
Axes           | 3 4 6 |  6.0
Fighting       | 4 5 6 |  6.6
Shields        | 3 4 |  4.1
Armour         | |  2.4

Action                   |  1- 3 |  4- 6 |  7- 9 || total
-------------------------+-------+-------+-------++-------
Melee: War axe           |    78 |   125 |    82 ||   285
       Tailslap          |    10 |    16 |    21 ||    47
       Unarmed           |       |     2 |       ||     2
  Use: Potion            |       |       |     1 ||     1
Armor: Scale mail        |    36 |    16 |       ||    52
       Plate armour      |       |    77 |    89 ||   166
       Skin              |       |     4 |       ||     4
Dodge: Dodged            |    24 |    47 |    26 ||    97
Block: Buckler           |    16 |    31 |    23 ||    70
